 Dungeon Crawl Stone Soup version 0.21.1-1-g345015fe64 (console) character file.

1393 Kloppie the Basher (level 8, 0/103 HPs)
             Began as a Black Draconian Berserker on Mar 3, 2018.
             Was a Priest of Trog.
             Slain by a yak (7 damage)
             ... on level 9 of the Dungeon.
             The game lasted 00:06:59 (4416 turns).

Kloppie the Basher (Black Draconian Berserker)      Turns: 4416, Time: 00:06:59

Health: 0/103      AC:  7    Str: 26    XL:     8   Next: 41%
Magic:  8/8        EV: 12    Int:  9    God:    Trog [***...]
Gold:   168        SH:  0    Dex: 10    Spells: 7/7 levels left

rFire    . . .     SeeInvis .   a - +0 mace
rCold    . . .     Gourm    .   (no shield)
rNeg     . . .     Faith    +   (armour unavailable)
rPois    .         Spirit   .   (helmet restricted)
rElec    +         Reflect  .   (no cloak)
rCorr    .         Harm     .   e - +0 pair of gloves (curse)
MR       ++...                  (no boots)
Stlth    ..........             o - amulet of faith
HPRegen  1.27/turn              (no ring)
MPRegen  0.11/turn              (no ring)

@: berserking (expiring), regenerating, very quick
A: breathe lightning, unfitting armour, electricity resistance, cold-blooded, AC
+6
a: Breathe Lightning, Berserk, Trog's Hand, Burn Spellbooks, Renounce Religion


You were on level 9 of the Dungeon.
You worshipped Trog.
Trog was most pleased with you.
You were near starving.

You visited 1 branch of the dungeon, and saw 7 of its levels.

You collected 323 gold pieces.
You spent 155 gold pieces at shops.

Inventory:

Hand Weapons
 a - a +0 mace (weapon)
 q - a +0 morningstar
Armour
 e - a cursed +0 pair of gloves (worn)
Jewellery
 o - an amulet of faith (around neck)
 t - the amulet "Boaplomy" {RegenMP Dex+8, unknown}
   (You found it on level 4 of the Dungeon)

   [amulet of magic regeneration]

   It increases your magic regeneration.
   It affects your dexterity (+8).
Scrolls
 c - a scroll of remove curse {unknown}
 d - 2 scrolls of immolation {unknown}
 h - a scroll of blinking {unknown}
 j - 3 scrolls of amnesia {unknown}
 k - 3 scrolls of enchant weapon
 m - 2 scrolls of magic mapping {unknown}
 p - 4 scrolls of teleportation {unknown}
 v - a scroll of fog {unknown}
 x - a scroll of fear {unknown}
Potions
 g - 2 potions of cancellation
 i - 2 potions of heal wounds
 l - a potion of mutation
 n - a potion of resistance
 r - 2 potions of flight
 s - 3 potions of curing
 u - a potion of agility
 w - 2 potions of lignification {unknown}
Comestibles
 b - 6 rations


   Skills:
 * Level 5.5 Fighting
 + Level 10.0 Maces & Flails
 - Level 2.6 Dodging


You had 7 spell levels left.
You didn't know any spells.

Dungeon Overview and Level Annotations

Branches:
Dungeon (6/15)             Temple (0/1) D:5             Orc (0/2) D:9

Altars:
Cheibriados
Dithmenos
Elyvilon
Okawaru
Yredelemnul

Shops:
D:4 }%(*   D:6 [


Innate Abilities, Weirdness & Mutations

You can breathe wild blasts of lightning.
Your glossy black scales are hard. (AC +6)
You cannot fit into any form of body armour.
You are resistant to electric shocks. (rElec)
You are cold-blooded and may be slowed by cold attacks.


Message History

Something hits you but does no damage.
You thump the bullfrog skeleton!
The bullfrog skeleton is heavily damaged.
The bullfrog skeleton completely misses you.
You barely miss the bullfrog skeleton.
The bullfrog skeleton is heavily damaged.
The bullfrog skeleton hits you but does no damage.
Something hits you.
* * * LOW HITPOINT WARNING * * *
Something shocks you. You resist.
* * * LOW HITPOINT WARNING * * *
You sock the bullfrog skeleton!
You destroy the bullfrog skeleton!
Trog accepts your kill.
You barely miss the yak.
You feel the effects of Trog's Hand fading.
A sky beast appears from thin air!
Reactivating autopickup.
The sky beast misses you. The yak gores you!
You die...

#### #..
#Y# #@#
#Y# # #.#
.#
#.##.####
#.......#
#.......#
##.......#
#........#
##.......#


You could see a yak and a sky beast.

Vanquished Creatures
  Pikel (D:5)
  2 yaks (D:9)
  An ice beast (D:5)
  A phantom (D:6)
  3 crimson imps
  A hound (D:9)
  A centaur zombie (D:5)
  2 orc priests
  An iguana (D:5)
  An orc wizard (D:3)
  A bullfrog skeleton (D:9)
  A worker ant zombie (D:6)
  6 adders
  A shadow imp (D:6)
  An ooze (D:4)
  An adder skeleton (D:4)
  A worm (D:3)
  6 leopard geckos
  7 orcs
  4 giant cockroaches
  3 goblins
  10 hobgoblins
  2 quokkas (D:2)
  7 bats
  8 frilled lizards
  2 gnoll zombies (D:4)
  7 kobolds
  A leopard gecko zombie (D:5)
  3 rats
86 creatures vanquished.

Notes
Turn   | Place    | Note
-------+----------+-------------------------------------------
     0 | D:1      | Kloppie the Draconian Berserker began the quest for the Orb.
     0 | D:1      | Reached XP level 1. HP: 19/19 MP: 1/1
   207 | D:1      | Reached XP level 2. HP: 26/26 MP: 2/2
   760 | D:2      | Reached skill level 4 in Maces & Flails
   766 | D:2      | Reached ** piety under Trog
   785 | D:2      | Reached XP level 3. HP: 29/31 MP: 3/3
  1160 | D:3      | Reached skill level 5 in Maces & Flails
  1160 | D:3      | Reached XP level 4. HP: 38/38 MP: 4/4
  1672 | D:3      | Reached XP level 5. HP: 43/45 MP: 5/5
  1686 | D:3      | Found a white marble altar of Elyvilon.
  1918 | D:4      | Found Ixkolaqu's Antique Weapon Boutique.
  1928 | D:4      | Found Izxefod's Food Shoppe.
  2003 | D:4      | Found Kecol's General Store.
  2012 | D:4      | Bought a +0 helmet for 58 gold pieces
  2012 | D:4      | Bought a scroll of enchant weapon for 97 gold pieces
  2039 | D:4      | Got a translucent steel amulet
  2204 | D:4      | Found a basalt altar of Yredelemnul.
  2243 | D:4      | Found Zunn's Gadget Boutique.
  2259 | D:4      | Reached skill level 6 in Maces & Flails
  2339 | D:4      | Found a shadowy altar of Dithmenos.
  2436 | D:4      | Reached *** piety under Trog
  2509 | D:5      | Entered Level 5 of the Dungeon
  2521 | D:5      | Noticed an ice beast
  2539 | D:5      | Killed an ice beast
  2539 | D:5      | Reached XP level 6. HP: 39/51 MP: 6/6
  2678 | D:5      | Reached skill level 7 in Maces & Flails
  3539 | D:5      | Noticed a slave
  3540 | D:5      | Noticed Pikel
  3552 | D:5      | Noticed a slave
  3553 | D:5      | Killed Pikel
  3553 | D:5      | Reached skill level 9 in Maces & Flails
  3553 | D:5      | Your scales start taking on a glossy black colour.
  3553 | D:5      | Reached XP level 7. HP: 57/57 MP: 7/7
  3553 | D:5      | Gained mutation: You are resistant to electric shocks. (rElec) [Black Draconian growth]
  3598 | D:5      | Found a staircase to the Ecumenical Temple.
  3803 | D:6      | Found a snail-covered altar of Cheibriados.
  4235 | D:6      | Found Icseckut's Armour Shoppe.
  4320 | D:6      | You fall through a shaft for 3 floors!
  4320 | D:9      | Found a staircase to the Orcish Mines.
  4328 | D:9      | Reached XP level 8. HP: 64/64 MP: 8/8
  4355 | D:9      | Found an iron altar of Okawaru.
  4410 | D:9      | HP: 5/100 [yak (7)]
  4411 | D:9      | Reached skill level 5 in Fighting
  4411 | D:9      | Reached skill level 10 in Maces & Flails
  4416 | D:9      | Slain by a yak

Skill      XL: |  1  2  3  4  5  6  7  8 |
---------------+-------------------------+-----
Maces & Flails | 4 5 6 9 10 | 10.0
Fighting       | 5 |  5.5
Dodging        | |  2.6

Action                   |  1- 3 |  4- 6 |  7- 9 || total
-------------------------+-------+-------+-------++-------
Melee: Mace              |    86 |   157 |    73 ||   316
       Tailslap          |     9 |    18 |     8 ||    35
Invok: Berserk           |     1 |     3 |     1 ||     5
       Trog's Hand       |       |       |     1 ||     1
  Use: Scroll            |     4 |       |     3 ||     7
  Eat: Chunk             |     1 |    10 |       ||    11
       Ration            |       |       |     1 ||     1
Armor: Skin              |    31 |    49 |    21 ||   101
Dodge: Dodged            |    74 |    76 |    28 ||   178
